 Dungeon Crawl Stone Soup version 0.31.0-9-g3a7656b989 (webtiles) character file.

Game seed: 6802744450161630028

50 Jase the Ruffian (level 3, 0/28 HPs)
             Began as a Draconian Shapeshifter on Jan 25, 2024.
             Slain by a gnoll
             ... wielding a +0 halberd
              (11 damage)
             ... on level 2 of the Dungeon.
             The game lasted 00:02:27 (1478 turns).

Jase the Ruffian (Draconian Shapeshifter)           Turns: 1478, Time: 00:02:28

Health: 0/28       AC:  5    Str: 16    XL:     3   Next: 55%
Magic:  3/3        EV: 12    Int: 10    God:
Gold:   86         SH:  0    Dex: 12    Spells: 2/2 levels left

rFire   . .          .
                       - Unarmed
rCold   . . .        (no shield)
rNeg    . . .        (body armour unavailable)
rPois   .            (helmet currently unavailable)
rElec   .            (cloak currently unavailable)
rCorr   .            (gloves currently unavailable)
SInv    .            g - melded +0 pair of boots
Will    .....        (no amulet)
Stlth   +            (no ring)
HPRegen 0.24/turn    (no ring)
MPRegen 0.08/turn

%: no passive effects
@: beast-form
A: beast (slay +2), AC +5, unfitting armour, cold-blooded
a: Begin Untransformation


You were on level 2 of the Dungeon.
You were a hulking beast.
You visited 1 branch of the dungeon, and saw 2 of its levels.

You collected 86 gold pieces.

Inventory:

Armour
 g - a +0 pair of boots (melded)
Jewellery
 i - a ring of wizardry
Talismans
 b - a beast talisman (active)
 c - a flux talisman
Scrolls
 f - a scroll of immolation {unknown}
 h - a scroll of noise {unknown}
Potions
 a - a potion of lignification
 d - a potion of heal wounds {unknown}
 e - 2 potions of curing {unknown}


   Skills:
 - Level 1.1 Fighting
 - Level 1.8 Dodging
 + Level 3.8 Unarmed Combat
 + Level 3.7 Shapeshifting


You had 2 spell levels left.
You didn't know any spells.
Your spell library was empty.

Dungeon Overview and Level Annotations

Branches:
Dungeon (2/15)

Altars:


Innate Abilities, Weirdness & Mutations

You are a hulking beast.
Your limbs bulge with bestial killing power. (Slay +2)
Your plain brown scales are hard. (AC +5)
You cannot fit into any form of body armour.
You are cold-blooded and may be slowed by cold attacks.


Message History

You kill the goblin!
Things that are here:
a +0 club; a +2 sling of freezing; a goblin corpse
Things that are here:
a +0 club; a +0 dagger; a jackal corpse You start resting.
A ball python comes into view.
The ball python hisses angrily.
The ball python barely misses you. x2
You barely miss the ball python. The ball python barely misses you.
The ball python misses you.
You completely miss the ball python.
The ball python bites you but does no damage.
The ball python grabs you. The ball python constricts you.
You barely miss the ball python.
The ball python bites you but does no damage.
The ball python constricts you.
You hit the ball python.
You kill the ball python!
You start resting.
HP restored.
Items here: )) ††.
A gnoll comes into view. It is wielding a +0 halberd.
The gnoll shouts!
A gnoll comes into view. It is wielding a +0 club.
You see here a +0 dagger.
Items here: )) ††.
There is a stone staircase leading up here.
The gnoll barely misses you.
There is a stone staircase leading up here.
You hit the gnoll.
The gnoll is moderately wounded.
The gnoll hits you with a +0 halberd!
You hit the gnoll.
The gnoll is heavily wounded.
The gnoll hits you with a +0 halberd!
You barely miss the gnoll.
The gnoll is heavily wounded.
The gnoll hits you with a +0 halberd!
You die...

##### #...# #.h.#
#.g.## #....#####
#........#
##.#####.# . .
#..# #. .####.###
##.#####...##...#
........##...##.#


You could see a gnoll.

Vanquished Creatures
  An adder (D:1)
  A dart slug (D:1)
  3 ball pythons
  An endoplasm (D:1)
  2 giant cockroaches (D:1)
  5 goblins (D:2)
  5 hobgoblins
  3 jackals (D:2)
  2 quokkas
  3 bats
  2 frilled lizards
  6 kobolds
  A rat (D:1)
35 creatures vanquished.

Notes
Turn   | Place    | Note
-------+----------+-------------------------------------------
     0 | D:1      | Jase the Draconian Shapeshifter began the quest for the
                  | Orb.
     0 | D:1      | Reached XP level 1. HP: 16/16 MP: 1/1
   581 | D:1      | Reached XP level 2. HP: 21/23 MP: 2/2
  1290 | D:2      | Reached XP level 3. HP: 23/28 MP: 3/3
  1478 | D:2      | Slain by a gnoll

Illustrated notes

Levels and vault maps discovered:
D:1:      eino_arrival_druids_welcome, layout_basic
D:2:      layout_rooms, uniq_robin

Action                     || total
---------------------------++-------
  Melee: Unarmed           ||    87
         Tailslap          ||     4
         Punch             ||     3
Ability: Begin Untransform ||     1
    Use: Potion            ||     1
 Armour: Skin              ||    40
  Dodge: Dodged            ||    43
   Form: Beast             ||     1
